 Dungeon Crawl Stone Soup version 0.29-a0-813-g4a14ea37d6 (webtiles) character file.

Game seed: 8296965820456129471

54 xian the Ruffian (level 3, 0/18 HPs)
             Began as a Vine Stalker Gladiator on July 4, 2022.
             Succumbed to an adder's poison
             ... on level 2 of the Dungeon.
             The game lasted 00:02:40 (1125 turns).

xian the Ruffian (Vine Stalker Gladiator)           Turns: 1125, Time: 00:02:40

Health: 0/18       AC:  4    Str: 18    XL:     3   Next: 91%
Magic:  3/4        EV: 12    Int:  8    God:
Gold:   61         SH:  0    Dex: 15    Spells: 2/2 levels left

rFire   + . .      SeeInvis .     - Unarmed
rCold   + . .      Faith    .   (no shield)
rNeg    . . .      Spirit   +   a - +0 leather armour
rPois   +          Reflect  .   b - +0 helmet
rElec   +          Harm     .   (no cloak)
rCorr   +          Rampage  .   (no gloves)
Will    .....                   (no boots)
Stlth   +.........              (no amulet)
HPRegen 0.06/turn               (no ring)
MPRegen 0.09/turn               (no ring)

@: lethally poisoned (0 -> -6), resistant
A: fangs 2, magic shield, antimagic bite, no potion heal 2
a: no special abilities


You were on level 2 of the Dungeon.
You visited 1 branch of the dungeon, and saw 2 of its levels.

You collected 61 gold pieces.

Inventory:

Missiles
 c - 3 throwing nets (quivered)
 e - 3 boomerangs of dispersal
Armour
 a - a +0 leather armour (worn)
 b - a +0 helmet (worn)
Scrolls
 h - a scroll of identify
Potions
 d - a potion of mutation
 g - a potion of might


   Skills:
 + Level 2.1 Fighting
 + Level 1.8 Throwing
 + Level 0.3 Armour
 + Level 3.0 Dodging
 + Level 0.1 Stealth
 + Level 3.7 Unarmed Combat


You had 2 spell levels left.
You didn't know any spells.
Your spell library contained the following spells:

 Spells                   Type           Power      Damage    Failure   Level
 Summon Small Mammal      Summ           0%         N/A       45%         1
 Call Canine Familiar     Summ           0%         N/A       83%         3
 Summon Guardian Golem    Hex/Summ       0%         N/A       83%         3


Dungeon Overview and Level Annotations

Branches:
Dungeon (2/15)

Altars:


Innate Abilities, Weirdness & Mutations

You have extremely sharp teeth.
When hurt, damage is shared between your health and your magic reserves.
Your bite disrupts and absorbs the magic of your enemies.
Potions cannot restore your health.


Message History

You barely miss the quokka. Your punch misses the quokka.
The adder hisses angrily.
The quokka misses you.
You hit the quokka but do no damage. The quokka misses you.
You closely miss the quokka. The quokka closely misses you.
You closely miss the quokka. You bite the quokka. You drain its power.
The quokka is lightly wounded.
The quokka closely misses you.
You hit the quokka. You bite the quokka.
You kill the quokka!
You closely miss the adder. Your bite misses the adder.
The adder barely misses you. The endoplasm freezes you.
You are frozen.
You punch the adder!
The adder is severely wounded.
The adder bites you. The endoplasm barely misses you.
The adder bites you but does no damage. x2
The adder attacks as you move away! The adder barely misses you.
You throw a javelin. The javelin misses the adder.
The javelin pierces through the endoplasm!
You kill the endoplasm!
The adder bites you.
You are poisoned.
The adder poisons you! The adder bites you.
You are lethally poisoned!
The adder poisons you!
You miss the adder. You bite the adder.
You kill the adder!
You feel very sick.
Your Dodging skill increases to level 3!
* * * LOW HITPOINT WARNING * * *
You feel very sick.
* * * LOW HITPOINT WARNING * * *
You feel sick.
Okay, then.
You feel protected.
* * * LOW HITPOINT WARNING * * *
You feel sick.
You die...

### ..# ### #.#
### #.# #.# ....
#.####.# .....
####.....<#
...^..##.##.####.#
...(...@.......#.#
..[?..##.##.##...#
##### #.##.##.#.#
#.##.##...#
..##.##...#
#.##.##...#
#.##.##.#..
#.....#.#... #.##.


There were no monsters in sight!

Vanquished Creatures
  A gnoll (D:1)
  An adder (D:2)
  2 dart slugs (D:1)
  3 endoplasms
  A giant cockroach (D:1)
  8 goblins (D:1)
  A hobgoblin (D:1)
  A quokka (D:2)
  3 ball pythons (D:1)
  2 frilled lizards (D:1)
  3 kobolds (D:1)
  5 rats
31 creatures vanquished.

Notes
Turn   | Place    | Note
-------+----------+-------------------------------------------
     0 | D:1      | xian the Vine Stalker Gladiator began the quest for the
                  | Orb.
     0 | D:1      | Reached XP level 1. HP: 11/11 MP: 2/2
    86 | D:1      | Reached XP level 2. HP: 15/15 MP: 3/3
   391 | D:1      | Reached XP level 3. HP: 10/18 MP: 4/4
  1125 | D:2      | Succumbed to an adder's poison

Illustrated notes

Levels and vault maps discovered:
D:1:      mrwooster_arrival_statue_2, layout_loops_ring, minmay_tetromino_t4
D:2:      layout_basic

Skill      XL: |  1  2  3 |
---------------+----------+-----
Fighting       | 2 |  2.1
Dodging        | 3 |  3.0
Throwing       | |  1.8
Armour         | |  0.3
Stealth        | |  0.1
Unarmed Combat | |  3.7

Action                   || total
-------------------------++-------
Melee: Unarmed           ||    84
       Bite              ||    13
       Punch             ||     2
Throw: Javelin           ||     4
  Use: Scroll            ||     4
       Potion            ||     1
 Stab: Sleeping          ||     1
Armor: Leather armour    ||    22
Dodge: Dodged            ||    79

Table legend: (Time is in decaauts)
 A = Elapsed time spent in this place.
 B = Non-inter-level travel time spent in this place.
 C = Inter-level travel time spent in this place.
 D = Time resting spent in this place.
 E = Time spent auto-exploring this place.
 F = Levels seen in this place.
 G = Mean time per level.
                   A        B        C        D        E       F      G
               +--------+--------+--------+--------+--------+-----+--------+
         Total |   1120 |   1098 |     22 |      0 |    801 |   2 |  560.0 |
       Dungeon |   1120 |   1098 |     22 |      0 |    801 |   2 |  560.0 |
               +--------+--------+--------+--------+--------+-----+--------+

Top non-repeatable levels by time:
     D:1: 1093 daAuts
     D:2: 27 daAuts
